 Dungeon Sprint DCSS version 0.16.2-12-gd0ad4c3 (webtiles) character file.

66 musteatbrain the Grappler (level 7, -16/79 HPs)
             Began as a Troll Monk on Oct 15, 2015.
             Was a High Priest of Jiyva.
             Demolished by a black mamba (18 damage)
             ... in the Dungeon (Sprint VI: "Thunderdome").
             The game lasted 00:05:21 (481 turns).

musteatbrain the Grappler (Troll Monk)               Turns: 481, Time: 00:05:21

Health: -16/79     AC:  5    Str: 27    XL:     7   Next: 12%
Magic:  3/3        EV: 14    Int: 11    God:    Jiyva [*****.]
Gold:   40         SH:  0    Dex: 14    Spells: 0 memorised, 6 levels left

rFire  x . .     SeeInvis .       - Unarmed
rCold  + . .     Clarity  .     a - +0 robe
rNeg   . . .     SustAb   .     (shield restricted)
rPois  +         Gourm    +     (helmet restricted)
rElec  .         Spirit   .     (no cloak)
rCorr  +         Warding  .     (gloves unavailable)
rMut   .         NoTele   +     (boots unavailable)
MR     .....                    m - amulet "Tudi" {Gourm Str+4 Stlth+}
Stlth  ++++......               q - ring "Primicrao" {rPois Int+4 Stlth+}
                                o - ring "Xen Seil" {Ice Str+4}

@: lethally poisoned (-16 -> -18), hasted, very quick, not resistant to hostile
enchantments, stealthy
A: unfitting armour, claws 3, fast metabolism 3, gourmand, poison resistance,
regeneration 2, shaggy fur 1, spit poison 1, tough skin 2, tendrils
a: Spit Poison, Request Jelly, Jelly Paralyse, Slimify, Cure Bad Mutation,
Renounce Religion


You were in the Dungeon.
You worshipped Jiyva.
Jiyva was extremely pleased with you.
You were full.

You visited 1 branch You collected 310 gold pieces.
You spent 270 gold pieces at shops.

Inventory:

Armour
 a - a +0 robe (worn)
Jewellery
 m - the amulet "Tudi" (around neck) {Gourm Str+4 Stlth+}
   (You bought it in a shop in the Dungeon)

   [amulet of the gourmand]

   It allows you to eat raw meat even when not hungry.
   It affects your strength (+4).
   It makes you more stealthy.
 o - the ring "Xen Seil" (left claw) {Ice Str+4}
   (You bought it in a shop in the Dungeon)

   [ring of ice]

   It enhances your ice magic, and weakens your fire magic.
   It affects your strength (+4).
   It makes you vulnerable to fire.
   It protects you from cold.
 q - the ring "Primicrao" (right claw) {rPois Int+4 Stlth+}
   (You bought it in a shop in the Dungeon)

   [ring of poison resistance]

   It affects your intelligence (+4).
   It protects you from poison.
   It makes you more stealthy.
Magical devices
 j - a wand of cold (5)
 k - a wand of fire (5)
Scrolls
 h - 4 scrolls of blinking
 l - 3 scrolls of fog
Potions
 c - a potion of curing
 d - 3 potions of heal wounds
 e - 3 potions of haste
 f - 2 potions of magic
 g - a potion of berserk rage
 i - a potion of resistance
Comestibles
 b - a meat ration


   Skills:
 + Level 7.7 Fighting
 + Level 7.8 Dodging
 - Level 1.2 Stealth
 + Level 10.0 Unarmed Combat


You had 6 spell levels left.
You didn't know any spells.

Dungeon Overview and Level Annotations

Branches:
Dungeon (1/1)

Altars:
Cheibriados
Dithmenos
Fedhas
Gozag
Kikubaaqudgha
Makhleb
Okawaru
Qazlal
Ru
Sif Muna
Trog
Vehumet
Xom
Yredelemnul
Zin
The Shining One
Jiyva
Lugonu

Shops:
D *[%??*?*:[((!!!!


Innate Abilities, Weirdness & Mutations

You are too large for most types of armour.
You have claws for hands.
Your metabolism is lightning-fast.
You like to eat raw meat.
You heal very quickly.
You are covered in fur (AC +1).
You have very tough skin (AC +2).
Your system is resistant to poisons.
You can spit poison.
Thin tendrils of slime have grown from your body.


Message History

* * * LOW HITPOINT WARNING * * *
The water moccasin bites you!
* * * LOW HITPOINT WARNING * * *
The black mamba bites you.
* * * LOW HITPOINT WARNING * * *
The ball python closely misses you.
Drink which item? (? for menu, Esc to quit)
You feel yourself speed up.
You feel sick. The water moccasin closely misses you.
The black mamba closely misses you.
You hear a distant slurping noise.
Jiyva alters your body.
You feel as though nothing has changed. Jiyva alters your body.
Thin, slimy tendrils emerge from your body.
Jiyva appreciates your sacrifice.
You feel your power returning.
You feel a little better. The water moccasin closely misses you.
The ball python bites you.
* * * LOW HITPOINT WARNING * * *
The black mamba bites you!!
You die...

#.....# ##.....##
##∩.....∩## #∩[......∩#
#_........# #_......._#
#_.......N# ###...J...SS###
#⌠........S@.⌠#
######.8.........8.######
#∩___......###...)..___∩##
∩........8.# #.8........∩###
...........###.............#
........###...###..........⌠
........# #.<.# #..........⌠
........###...###..........⌠
...........###.............#


You could see a black mamba (bleeding), a water moccasin (bleeding), a naga, a
ball python and a neutral jelly (fellow slime).

Vanquished Creatures
  A wraith (D)
  A water moccasin (D)
  A naga (D)
  Blork the orc (D)
  2 wights (D)
  Jessica (D)
  4 orcs (D)
  A spectral bat (D)
  A bat (D)
  A goblin (D)
  A rat (D)
  A spectral quokka (D)
16 creatures vanquished.

Vanquished Creatures (others)
  Sigmund (D)
  A ball python (D)
2 creatures vanquished.

Grand Total: 18 creatures vanquished

Notes
Turn   | Place    | Note
--------------------------------------------------------------
     0 | D        | musteatbrain, the Troll Monk, began the quest for the Orb.
     0 | D        | Reached XP level 1. HP: 22/22 MP: 1/1
     1 | D        | Found a blossoming altar of Fedhas.
     2 | D        | Found a snail-covered altar of Cheibriados.
     2 | D        | Found a basalt altar of Yredelemnul.
     3 | D        | Found a radiant altar of Vehumet.
     4 | D        | Found Plog's Advanced Armour.
     4 | D        | Found Ane Mot's Identification Station.
     4 | D        | Found a deep blue altar of Sif Muna.
     4 | D        | Found a glowing golden altar of the Shining One.
     5 | D        | Found a viscous altar of Jiyva.
     5 | D        | Round 1.
     6 | D        | Found Kheirghucw's Jewellery.
     6 | D        | Found Kacs' Bee Food.
     7 | D        | Found a corrupted altar of Lugonu.
     8 | D        | Found a stormy altar of Qazlal.
     9 | D        | Found a burning altar of Makhleb.
    16 | D        | Noticed Jessica
    17 | D        | Became a worshipper of Jiyva Joity the Shapeless
    17 | D        | Acquired Jiyva's first power
    17 | D        | Acquired Jiyva's second power
    21 | D        | Bought a crude amethyst amulet for 45 gold pieces
    21 | D        | Bought a steaming pewter ring for 45 gold pieces
    21 | D        | Bought a transparent glass ring for 45 gold pieces
    21 | D        | Bought a flickering steel ring for 45 gold pieces
    21 | D        | Identified the amulet "Tudi" {Gourm Str+4 Stlth+} (You bought it in a shop in the Dungeon)
    22 | D        | Identified the ring of the Final Decision {+Fly Str+3} (You bought it in a shop in the Dungeon)
    23 | D        | Identified the ring "Xen Seil" {Ice Str+4} (You bought it in a shop in the Dungeon)
    25 | D        | Identified the ring "Priy" {Ice Int+6} (You bought it in a shop in the Dungeon)
    35 | D        | Killed Jessica
    35 | D        | Reached skill level 5 in Unarmed Combat
    35 | D        | Reached XP level 2. HP: 28/31 MP: 1/1
    45 | D        | Noticed Sigmund
    52 | D        | HP: 1/31 [Sigmund/scythe (6)]
    56 | D        | Killed Sigmund
    59 | D        | Found Khic's Magic Scroll Shop.
    70 | D        | Found Kussodwo's Magic Scroll Shop.
    72 | D        | Found an opulent altar of Gozag.
    79 | D        | Found Noxzete's Staff Store.
    79 | D        | Found Plaghi's Must-Have Magic.
    83 | D        | Found a bloodstained altar of Trog.
    85 | D        | Arena points: 12 (+12) [x2]
   102 | D        | Found a glowing silver altar of Zin.
   102 | D        | Found a shadowy altar of Dithmenos.
   103 | D        | Found Phiesot's Distillery.
   105 | D        | Found Ittah's Distillery.
   105 | D        | Found a shimmering altar of Xom.
   106 | D        | Found a sacrificial altar of Ru.
   107 | D        | Found Itsuaval's Bottled Wisdom.
   107 | D        | Found Weyriw's Do-It-Yourself Clinic.
   108 | D        | Found an iron altar of Okawaru.
   110 | D        | Found an ancient bone altar of Kikubaaqudgha.
   113 | D        | Found Jysuas' Weapon Rack.
   113 | D        | Found Baeclet's Basic Armour.
   114 | D        | Found Micsuoli's Premium Goods.
   114 | D        | Found Ypinah Lowk's Miscellaneous Merchandise.
   125 | D        | Round 2.
   147 | D        | Noticed Blork the orc
   156 | D        | Killed Blork the orc
   156 | D        | Reached skill level 6 in Unarmed Combat
   156 | D        | Reached XP level 3. HP: 27/40 MP: 2/2
   156 | D        | Reached XP level 4. HP: 33/49 MP: 2/2
   241 | D        | Arena points: 48 (+36) [x3]
   302 | D        | Round 3.
   311 | D        | Reached skill level 5 in Fighting
   311 | D        | Reached skill level 5 in Dodging
   311 | D        | Reached skill level 7 in Unarmed Combat
   311 | D        | Reached XP level 5. HP: 55/57 MP: 2/2
   376 | D        | Noticed a wraith
   397 | D        | Killed a wraith
   397 | D        | Reached skill level 8 in Unarmed Combat
   397 | D        | Reached XP level 6. HP: 63/68 MP: 3/3
   399 | D        | Reached skill level 9 in Unarmed Combat
   418 | D        | Bought an ancient turquoise ring for 45 gold pieces
   418 | D        | Bought a coiled turquoise ring for 45 gold pieces
   419 | D        | Identified the ring "Urichat" {rPois rN+ Int+3 Dex-5} (You bought it in a shop in the Dungeon)
   421 | D        | Identified the ring "Primicrao" {rPois Int+4 Stlth+} (You bought it in a shop in the Dungeon)
   434 | D        | Gained mutation: You can spit poison. [Jiyva's grace]
   443 | D        | Acquired Jiyva's third power
   445 | D        | Arena points: 66 (+18) [x1]
   460 | D        | Round 4.
   462 | D        | Noticed a water moccasin
   462 | D        | Noticed a naga
   466 | D        | Killed a water moccasin
   469 | D        | Noticed a black mamba
   469 | D        | Killed a naga
   469 | D        | Reached skill level 10 in Unarmed Combat
   469 | D        | Reached XP level 7. HP: 48/79 MP: 2/3
   470 | D        | Noticed a water moccasin
   472 | D        | Noticed a naga
   472 | D        | Gained mutation: Your system is resistant to poisons. [Jiyva's grace]
   472 | D        | Acquired Jiyva's fourth power
   481 | D        | HP: 3/79 [poisoned by a black mamba]
   481 | D        | Gained mutation: Thin tendrils of slime have grown from your body. [Jiyva's grace]
   481 | D        | Demolished by a black mamba

Action                   |  1- 3 |  4- 6 |  7- 9 || total
-------------------------+-------+-------+-------++-------
Melee: Unarmed           |    16 |    23 |     7 ||    46
Invok: Request Jelly     |       |     2 |     1 ||     3
  Use: Potion            |       |       |     2 ||     2
  Eat: Meat ration       |     1 |       |       ||     1
       Chunk             |     1 |       |       ||     1
